 Dungeon Crawl Stone Soup version 0.15-a0-895-g19c7863 (webtiles) character file.

113 Herrn the Skirmisher (level 4, -3/29 HPs)
             Began as a Gargoyle Fighter on May 19, 2014.
             Killed by divine providence
             ... invoked by an orc priest
              (14 damage)
             ... on Level 3 of the Dungeon.
             The game lasted 00:06:38 (1890 turns).

Herrn the Skirmisher (Gargoyle Fighter)             Turns: 1890, Time: 00:06:38

HP  -3/29        AC 13     Str 19      XL: 4   Next: 96%
MP   4/4         EV  6     Int  9      God:
Gold 105         SH 18     Dex 10      Spells:  0 memorised,  3 levels left

rFire  . . .     SeeInvis .     a - +0 flail
rCold  . . .     Clarity  .     b - +0 scale mail
rNeg   + . .     Conserve .     c - +0 shield
rPois  +         rCorr    .     (no helmet)
rElec  +         rRot     +     (no cloak)
SustAb .         Spirit   .     t - +2 pair of gloves
rMut   .         Warding  .     (no boots)
Gourm  .         Stasis   .     (no amulet)
MR     .....                    (no ring)
                                (no ring)

@: not resistant to hostile enchantments, extremely unstealthy
A: life protection 1, electricity resistance, unbreathing, petrification
resistance, AC +3
a: no special abilities


You were on level 3 of the Dungeon.
You were very hungry.

You visited 1 branch of the dungeon, and saw 3 of its levels.

You collected 105 gold pieces.

Inventory:

Hand weapons
 a - a +0,+0 flail (weapon)
Armour
 b - a +0 scale mail (worn)
 c - a +0 shield (worn)
 t - a +2 pair of gloves (worn)
Comestibles
 d - a bread ration
 f - 2 pears
 p - a rotting chunk of bat flesh
 s - a rotting chunk of giant newt flesh
 w - a rotting chunk of giant gecko flesh
Scrolls
 e - 2 scrolls of identify
 k - 2 scrolls of remove curse {unknown}
 l - a scroll of enchant weapon II {unknown}
 m - a scroll of immolation {unknown}
 n - a scroll of random uselessness {unknown}
 r - 2 scrolls of teleportation {unknown}
Potions
 g - a potion of curing {unknown}
 h - 2 potions of agility {unknown}
 i - a potion of cure mutation {unknown}
 j - a potion of confusion {unknown}
 o - a potion of poison {unknown}
 u - a potion of heal wounds {unknown}
 v - a potion of invisibility {unknown}


   Skills:
 * Level 4.0 Fighting
 * Level 3.0 Maces & Flails
 - Level 4.0 Armour
 + Level 1.4 Dodging
 + Level 3.8 Shields


You had 3 spell levels left.
You didn't know any spells.

Dungeon Overview and Level Annotations

Branches:
Dungeon (3/15)

Altars:
Ashenzari
Qazlal
Yredelemnul
The Shining One


Innate Abilities, Weirdness & Mutations

You are resistant to torment.
You are immune to poison.
You are immune to rotting.
Your stone body is very resilient (AC +3).
You resist negative energy.
You are resistant to electric shocks.
You can survive without breathing.
You are immune to petrification.


Message History

You feel yourself slow down.
You start resting.
You smell decay.
Yuck! (slot p)
You start resting.
Your magical contamination has completely faded away.
You start resting.
Ugh!
There is something really disgusting in your inventory. (slot s)
You start resting.
You are feeling very hungry.
You start resting.
You smell something rotten. (slot w)
You climb downwards.
The orc priest invokes the aid of Beogh against you.
Something smites you!
There is a stone staircase leading up here.
The orc priest invokes the aid of Beogh against you.
Something smites you!
The orc priest invokes the aid of Beogh against you.
Something smites you!
You die...

##.##....###########.
##....................
#####.####....####### .#
#.###..##..#
...##.##..o.##.#
.#..#.#....o.#.#
.....#......o.###
##..............#
#...........##.@#####.#
##...............)(....#
####....)...#######..###
........%..## .....
..##....#### ###..#
..#...### .# ......### #
##......## #........#


You could see an orc priest and 2 orcs.

Vanquished Creatures
  A worker ant (D:3)
  2 adders (D:3)
  A worm (D:1)
  2 giant geckos
  3 oozes
  4 giant cockroaches
  6 goblins
  4 hobgoblins
  8 kobolds
  2 quokkas
  7 bats
  4 giant newts
  11 rats
55 creatures vanquished.

Notes
Turn   | Place    | Note
--------------------------------------------------------------
     0 | D:1      | Herrn, the Gargoyle Fighter, began the quest for the Orb.
     0 | D:1      | Reached XP level 1. HP: 14/14 MP: 1/1
   131 | D:1      | Reached XP level 2. HP: 19/19 MP: 2/2
   440 | D:1      | Found a glowing golden altar of the Shining One.
   784 | D:1      | Reached XP level 3. HP: 9/24 MP: 3/3
  1015 | D:2      | Found a stormy altar of Qazlal.
  1149 | D:2      | Reached skill level 1 in Dodging
  1294 | D:2      | Found a basalt altar of Yredelemnul.
  1298 | D:2      | Found a shattered altar of Ashenzari.
  1480 | D:3      | Reached XP level 4. HP: 29/29 MP: 4/4
  1567 | D:3      | Reached skill level 4 in Fighting
  1890 | D:3      | Killed from afar by an orc priest

Action                   |  1- 3 |  4- 6 || total
-------------------------+-------+-------++-------
Melee: Flail             |   127 |    44 ||   171
  Use: Potion            |     1 |     1 ||     2
       Scroll            |       |     1 ||     1
